AoeStats
← ertespronzee

Nomad

503253259Analyzed
4v4 RM · 1mo ago on Aug 30, 2026· 59m 47s· 8 players
Game mode
Random Map
Map size
231×231
Population
200
Speed
Normal
Resources
Standard
Victory
Conquest
Starting age
Dark Age
Ending age
Imperial Age
RankedLock teamsTeams togetherTeam positionsShared explorationLock speedFull tech treeHidden civsTurbo modeCheats
Victory
Defeat
🇬🇷 Italians · Greece
757
+14
🇮🇪 Portuguese · Ireland
727
+15
🇺🇸 Koreans · United States
636
+20
🇧🇷 Poles · Brazil
515
+24
🇺🇸 Huns · United States
799
-50
🇪🇸 Mongols · Spain
694
-18
🇪🇸 Persians · Spain
686
-38
🇺🇸 Saracens · United States
682
-17
TomBot019
8:32 Loom
16:40 Feudal Age
17:37 Fishing Lines
18:19 Double-Bit Axe
18:27 Stone Mining
20:00 Wheelbarrow
26:47 Castle Age
28:09 Stone Shaft Mining
27:31 Gold Mining
28:08 Gillnets
28:18 Crossbowman
29:46 Bow Saw
36:55 Imperial Age
34:42 Hand Cart
36:50 Thumb Ring
38:03 Fletching
39:32 Town Watch
40:34 Gold Shaft Mining
40:32 Bodkin Arrow
41:43 Chemistry
41:10 Ballistics
42:00 Chemistry
42:03 Conscription
41:48 Arbalester
45:05 Bracer
46:48 Two-Man Saw
45:12 Elite War Wagon
46:34 Elite Turtle Ship
47:57 Elite Skirmisher
YaLittle-
8:46 Loom
16:14 Feudal Age
16:52 Double-Bit Axe
17:17 Fishing Lines
20:29 Gold Mining
21:45 Wheelbarrow
24:15 Castle Age
24:55 Fletching
30:36 Imperial Age
29:12 Treadmill Crane
29:36 Fletching
33:15 Forging
33:06 Scale Mail Armor
37:46 Chemistry
39:10 Siege Engineers
42:52 Ballistics
43:38 Murder Holes
45:39 Pikeman
47:16 Iron Casting
46:57 Chain Mail Armor
47:00 Masonry
48:51 Bodkin Arrow
54:38 Architecture
56:22 Plate Mail Armor
58:00 Elite Organ Gun
CoWarDly DoG
5:35 Loom
19:36 Feudal Age
27:49 Double-Bit Axe
27:55 Horse Collar
37:39 Castle Age
39:28 Heavy Plow
39:40 Bow Saw
39:21 Gold Mining
43:13 Stone Mining
51:31 Imperial Age
52:03 Imperial Age
54:44 Chemistry
56:33 Elite Obuch
THEO9268
20:17 Feudal Age
21:36 Wheelbarrow
22:19 Fletching
24:22 Man-at-Arms
29:11 Castle Age
27:00 Double-Bit Axe
29:51 Fishing Lines
31:07 Gold Mining
32:14 Hand Cart
34:47 Bow Saw
35:00 Caravan
36:24 Gillnets
39:39 Imperial Age
36:55 Loom
36:56 Town Watch
38:32 Silk Road
39:21 Padded Archer Armor
41:02 Ballistics
41:43 Chemistry
40:55 Clinker Construction
40:27 Treadmill Crane
41:20 Conscription
40:34 Elite Genoese Crossbowman
41:44 Guilds
43:19 Two-Man Saw
43:24 Bodkin Arrow
43:45 Leather Archer Armor
45:26 Bombard Tower
45:46 Carvel Hull
45:54 Bracer
48:23 Thumb Ring
49:10 Ring Archer Armor
51:09 Pirotechnia
58:02 Spies/Treason
EgOT1113
24:56 Feudal Age
..ZETAHUM..
14:51 Feudal Age
15:54 Double-Bit Axe
16:16 Horse Collar
21:06 Wheelbarrow
22:36 Town Watch
25:40 Stone Mining
25:45 Gold Mining
30:05 Castle Age
31:34 Hand Cart
32:32 Bow Saw
33:05 Stone Shaft Mining
33:09 Gold Shaft Mining
36:25 Heavy Plow
ertespronzee
10:01 Loom
15:44 Feudal Age
16:45 Town Watch
18:09 Wheelbarrow
17:58 Double-Bit Axe
26:51 Stone Mining
28:17 Fletching
30:20 Bloodlines
31:21 Gold Mining
31:15 Horse Collar
31:52 Scale Barding Armor
32:56 Forging
34:57 Castle Age
38:04 Husbandry
38:26 Chain Barding Armor
39:47 Iron Casting
43:10 Hand Cart
43:16 Town Patrol
43:52 Light Cavalry
51:49 Imperial Age
49:36 Bow Saw
50:04 Gold Shaft Mining
49:31 Heavy Plow
52:17 Heavy Camel Rider
grr
16:30 Feudal Age
17:02 Double-Bit Axe
16:59 Horse Collar
17:02 Fishing Lines
25:29 Castle Age
23:43 Scale Barding Armor
23:52 Gold Mining
23:54 Stone Mining
25:04 Forging
26:40 Bloodlines
25:51 Light Cavalry
26:32 Husbandry
26:56 Chain Barding Armor
27:12 Iron Casting
28:24 Fletching
31:45 Stone Shaft Mining
31:47 Gold Shaft Mining
31:19 Gillnets
30:50 Demolition Ship
33:44 Bodkin Arrow
35:46 Bow Saw
35:40 Heavy Plow
36:12 Padded Archer Armor
39:27 Imperial Age
41:11 Nomads
41:35 Conscription
40:43 Hussar
42:27 Blast Furnace
41:57 Bracer
43:10 Medium Warships
45:30 Padded Archer Armor
46:57 Wheelbarrow
47:43 Heavy Warships
48:33 Elite Mangudai
Connection lost

Rejoining the realm…

Still unreachable

The connection could not be restored.

Session expired

The server has moved on; the page needs a fresh start.